 Dungeon Crawl Stone Soup version 0.29-a0-330-g52719c12eb (webtiles) character file.

Game seed: 15104878395624913210

2 Gwenloh the Digger (level 1, 0/15 HPs)
             Began as a Ghoul Earth Elementalist on Apr 19, 2022.
             Slain by a rat (1 damage)
             ... on level 1 of the Dungeon.
             The game lasted 00:01:15 (106 turns).

Gwenloh the Digger (Ghoul Earth Elementalist)        Turns: 106, Time: 00:01:16

Health: 0/15       AC:  2    Str: 11    XL:     1   Next: 40%
Magic:  1/2        EV: 12    Int: 10    God:
Gold:   0          SH:  0    Dex:  9    Spells: 2/3 levels left

rFire   . . .      SeeInvis .   (no weapon)
rCold   + . .      Faith    .   (no shield)
rNeg    + + +      Spirit   .   b - +0 robe
rPois   ∞          Reflect  .   (no helmet)
rElec   .          Harm     .   (no cloak)
rCorr   .          Rampage  .   (no gloves)
Will    .....                   (no boots)
Stlth   ++........              (no amulet)
HPRegen 0.00/turn               (no ring)
MPRegen 0.08/turn               (no ring)

@: inhibited regen
A: claws 1, cold resistance 1, negative energy resistance 3, inhibited
regeneration, torment resistance 2, devour on kill
a: no special abilities


You were on level 1 of the Dungeon.
You visited 1 branch of the dungeon, and saw 1 of its levels.

Inventory:

Missiles
 a - 48 stones
Armour
 b - a +0 robe (worn)
Potions
 c - a potion of magic


   Skills:
 + Level 0.3 Fighting
 - Level 1.7 Dodging
 - Level 2.1 Stealth
 + Level 1.8 Spellcasting
 - Level 0.8 Transmutations
 + Level 3.3 Earth Magic


You had 2 spell levels left.
You knew the following spells:

 Your Spells              Type           Power      Damage    Failure   Level
a - Sandblast             Erth           14%        2d6       9%          1

Your spell library contained the following spells:

 Spells                   Type           Power      Damage    Failure   Level
 Passwall                 Tmut/Erth      4%         N/A       21%         2
 Stone Arrow              Conj/Erth      8%         3d7       43%         3
 Petrify                  Tmut/Erth      5%         N/A       80%         4


Dungeon Overview and Level Annotations

Branches:
Dungeon (1/15)

Altars:


Innate Abilities, Weirdness & Mutations

You are immune to poison.
You have sharp fingernails.
Your flesh is cold resistant. (rC+)
You are immune to negative energy. (rN+++)
You do not regenerate when monsters are visible.
You are immune to unholy pain and torment.
You thrive by killing the living.


Message History

You miscast Sandblast.
You are very lightly contaminated with residual magic.
Nothing appears to happen.
The giant cockroach barely misses you.
The giant cockroach splashes around in the water.
The giant cockroach barely misses you. The giant cockroach bites you.
The giant cockroach splashes around in the water.
Casting: Sandblast (safe; 9% risk of failure)
Confirm with . or Enter, or press ? or * to list all spells.
Aiming: Sandblast (safe; 9% risk of failure)
Press: ? - help, Shift-Dir - straight line, f/p - giant cockroach
Aim: a giant cockroach (78% to hit)
The blast of sand hits the giant cockroach.
You kill the giant cockroach!
Your magical contamination has completely faded away.
Casting: Sandblast (safe; 9% risk of failure)
Confirm with . or Enter, or press ? or * to list all spells.
You don't have enough magic to cast this spell.
You don't have enough magic to cast this spell.
The rat attacks as you move away! The rat closely misses you.
You enter the shallow water.
Moving in this stuff is going to be slow.
Why would you want to do that? The rat bites you but does no damage.
There is a large open door here.
You see here a +0 club.
You barely miss the rat. The rat misses you.
You closely miss the rat. The rat barely misses you.
You barely miss the rat. The rat bites you.
You scratch the rat.
The rat is severely wounded.
The rat bites you.
* * * LOW HITPOINT WARNING * * *
You closely miss the rat.
The rat is severely wounded.
The rat bites you.
* * * LOW HITPOINT WARNING * * *
The quokka misses you. The rat attacks as you move away! The rat bites you.
You die...

#...≈≈≈'...#.......#
#...≈≈≈#'#'#.#####.#
#....≈≈≈≈#...#...#
#..⌠..≈≈≈+.⌠.'.<.#
#..⌠..≈≈≈+.⌠.'...#
#....≈≈≈≈#...#...#
##...≈≈≈#+###.#####.#
#....≈≈≈'r..'.......+
#(...≈≈≈'r@.##'###+##
#....†≈≈#+#+#≈≈≈≈≈≈≈#
#....≈≈≈≈≈≈≈≈≈≈≈≈≈≈≈≈≈
#....≈≈≈≈≈≈≈≈≈≈≈≈≈≈≈≈≈
#....≈≈≈≈≈≈≈≈≈≈≈≈≈≈≈≈≈
#.##..................
#. #..................
#...............[####.
######......##.


You could see a quokka and a rat.

Vanquished Creatures
  A giant cockroach (D:1)
  A goblin (D:1)
2 creatures vanquished.

Notes
Turn   | Place    | Note
-------+----------+-------------------------------------------
     0 | D:1      | Gwenloh the Ghoul Earth Elementalist began the quest for
                  | the Orb.
     0 | D:1      | Reached XP level 1. HP: 14/14 MP: 2/2
   106 | D:1      | Slain by a rat

Illustrated notes

Levels and vault maps discovered:
D:1:      dpeg_arrival_castle, layout_rooms

Action                   || total
-------------------------++-------
Melee: Unarmed           ||     7
 Cast: Sandblast         ||     2
Armor: Robe              ||     1
Dodge: Dodged            ||     7

Table legend: (Time is in decaauts)
 A = Elapsed time spent in this place.
 B = Non-inter-level travel time spent in this place.
 C = Inter-level travel time spent in this place.
 D = Time resting spent in this place.
 E = Time spent auto-exploring this place.
 F = Levels seen in this place.
 G = Mean time per level.
                   A        B        C        D        E       F      G
               +--------+--------+--------+--------+--------+-----+--------+
         Total |    111 |    111 |      0 |     19 |     38 |   1 |  111.0 |
       Dungeon |    111 |    111 |      0 |     19 |     38 |   1 |  111.0 |
               +--------+--------+--------+--------+--------+-----+--------+

Top non-repeatable levels by time:
     D:1: 111 daAuts
